 Dungeon Crawl Stone Soup version 0.20-a0-1006-ge6c5631 (webtiles) character file.

9 M4edhros the Charlatan (level 2, -1/16 HPs)
             Began as a Spriggan Wanderer on Apr 14, 2017.
             Slain by a goblin
             ... wielding a +0 dagger
              (4 damage)
             ... on level 1 of the Dungeon.
             The game lasted 00:01:03 (95 turns).

M4edhros the Charlatan (Spriggan Wanderer)            Turns: 95, Time: 00:01:03

Health: -1/16      AC:  2    Str: 10    XL:     2   Next: 3%
Magic:  0/6        EV: 18    Int: 10    God:
Gold:   10         SH:  0    Dex: 16    Spells: 5/6 levels left

rFire    . . .     SeeInvis +   c - +0 mace
rCold    . . .     Gourm    .   (shield restricted)
rNeg     . . .     Faith    .   b - +0 robe
rPois    .         Spirit   .   (helmet restricted)
rElec    .         Reflect  .   (no cloak)
rCorr    .         Harm     .   (gloves unavailable)
MR       .....                  (boots unavailable)
Stlth    ++........             (no amulet)
Regen    0.1/turn               (no ring)
MPRegen  0.1/turn               (no ring)

@: exhausted, very slightly contaminated, slowed, quick
A: unfitting armour, see invisible, herbivore 3, speed 3, slow metabolism 2
a: no special abilities


You were on level 1 of the Dungeon.
You were not hungry.

You visited 1 branch of the dungeon, and saw 1 of its levels.

You collected 10 gold pieces.

Inventory:

Hand Weapons
 c - a +0 mace (weapon)
Armour
 b - a +0 robe (worn)
Books
 a - a book of Minor Magic

   Spells                             Type                      Level
   a - Magic Dart                     Conjuration                  1
   b - Blink                          Translocation                2
   c - Call Imp                       Summoning                    2
   d - Slow                           Hexes                        2
   e - Conjure Flame                  Conjuration/Fire             3
   f - Mephitic Cloud                 Conjuration/Poison/Air       3
Comestibles
 d - a bread ration


   Skills:
 - Level 2.4 Fighting
 - Level 1.0 Maces & Flails
 + Level 2.6 Dodging
 * Level 1.6 Stealth
 + Level 2.6 Spellcasting
   Level 1.5 Charms
   Level 2.6 Evocations


You had 5 spell levels left.
You knew the following spells:

 Your Spells              Type           Power        Failure   Level  Hunger
a - Magic Dart            Conj           #...         30%         1    ##.....


Dungeon Overview and Level Annotations

Branches:
Dungeon (1/15)

Altars:


Innate Abilities, Weirdness & Mutations

You are very small and have problems with some larger weapons.
You are too small for most types of armour.
You have supernaturally acute eyesight. (SInv)
You are a herbivore.
You cover ground extremely quickly.
You need consume almost no food.


Message History

You see here 10 gold pieces.
You now have 10 gold pieces.
Casting: Magic Dart
Confirm with . or Enter, or press ? or * to list all spells.
Aiming: Magic Dart
Press: ? - help, Shift-Dir - straight line, f - goblin
Aim: a goblin, wielding a dagger (resting)
The magic dart hits the goblin.
The goblin is heavily wounded.
The goblin shouts!
Casting: Magic Dart
Confirm with . or Enter, or press ? or * to list all spells.
Aiming: Magic Dart
Press: ? - help, Shift-Dir - straight line, f/p - goblin
Aim: a goblin, wielding a dagger (heavily wounded)
The magic dart hits the goblin.
The goblin is severely wounded.
A rat comes into view.
The goblin hits you with a dagger.
You die...

#...h...##..r.. #.......#
...l. . #...?...# .... #..
##..h..##w ..####....#
#....##.. #.#.....#.# .#
#.#h###.# #...#..... .# #.#h#
#.# #..##.##.. .# #.#h# #.#
#g#...##.# #.# #.#.# #.#
##@..####.# ..###
#...###.###....####†###....##
###h...)...........%.........
#####.....####.##..........
#..............##..#...
#..#.#........## ....##
#.......###...# ....#
......#### ###.# #.....
#.#.#### #>. .(###


You could see a goblin and a frilled lizard (wandering).

Vanquished Creatures
  A dart slug (D:1)
  4 jackals (D:1)
  A rat (D:1)
6 creatures vanquished.

Notes
Turn   | Place    | Note
-------+----------+-------------------------------------------
     0 | D:1      | M4edhros the Spriggan Wanderer began the quest for the Orb.
     0 | D:1      | M4edhros set off with: a book of Minor Magic, a +0 robe, a +0 mace, a bread ration
     0 | D:1      | Reached XP level 1. HP: 11/11 MP: 5/5
     2 | D:1      | Learned a level 1 spell: Magic Dart
    67 | D:1      | Reached skill level 1 in Stealth
    80 | D:1      | Reached XP level 2. HP: 3/16 MP: 1/6
    95 | D:1      | Slain by a goblin

Vault maps used:
D:1:      minmay_arrival_floating_metal, minmay_misc_feat_diagonals,
          serial_bayou_crossing

Skill      XL: |  1 |
---------------+----+-----
Stealth        | 1 |  1.6
Dodging        | 2 |  2.6
Fighting       | |  2.4
Maces & Flails | |  1.0
Spellcasting   | |  2.6
Charms         | |  1.5
Evocations     | |  2.6

Action                   || total
-------------------------++-------
Melee: Mace              ||    10
 Cast: Magic Dart        ||     7
  Use: Potion            ||     1
Dodge: Dodged            ||     5
